 Dungeon Crawl Stone Soup version 0.30.1-11-g7821555f0a (webtiles) character file.

Game seed: 5103843739788014511

1766 ChrisAssaf the Magician (level 9, 0/60 HPs)
             Began as a Djinni Ice Elementalist on Dec 6, 2023.
             Was an Elder of Nemelex Xobeh.
             Slain by Gastronok (32 damage)
             ... on level 9 of the Dungeon.
             The game lasted 00:21:30 (4798 turns).

ChrisAssaf the Magician (Djinni Ice Elementalist)   Turns: 4798, Time: 00:21:31

Health: 0/60       AC:  6    Str: 11    XL:     9   Next: 28%
Gold:   128        EV: 18    Int: 17    God:    Nemelex Xobeh [****..] SH:  5 Dex: 14

rFire   + + +        z - +1 arbalest
rCold   x x .        (shield currently unavailable)
rNeg    + . .        F - +1 leather armour {rN+}
rPois   ∞            (no helmet)
rElec   .            (no cloak)
rCorr   .            f - +1 pair of gloves
SInv    .            (boots unavailable)
Will    .....        n - amulet of reflection
Stlth   ++           b - +5 ring of evasion
HPRegen 0.30/turn    g - ring of fire
MPRegen 0.00/turn

%: reflection, infuse magic (-1 HP)
@: flying, very slightly contaminated, slowed, very slow
A: sickness immunity, fire resistance 2, cold vulnerability 1, float, innate
caster, HP casting, extra vitality 1
a: Renounce Religion, Draw Escape, Draw Destruction, Draw Summoning, Triple
Draw, Deal Four


You were on level 9 of the Dungeon.
You worshipped Nemelex Xobeh.
Nemelex Xobeh was greatly pleased with you.
You visited 1 branch of the dungeon, and saw 9 of its levels.

You collected 326 gold pieces.
You spent 198 gold pieces at shops.

Inventory:

Hand Weapons
 z - a +1 arbalest (weapon)
Armour
 f - a +1 pair of gloves (worn)
 F - a +1 leather armour of positive energy (worn)
Jewellery
 b - a +5 ring of evasion (left hand)
 g - a ring of fire (right hand)
 i - a +5 ring of evasion
 n - an amulet of reflection (around neck)
 r - a ring of protection from fire
 v - a ring of protection from fire
 y - a ring of wizardry
Wands
 a - a wand of quicksilver (10)
 o - a wand of charming (4)
Scrolls
 h - 2 scrolls of magic mapping
 j - a scroll of poison
 l - a scroll of teleportation
 m - 2 scrolls of amnesia
 u - a scroll of silence
 x - a scroll of vulnerability
 C - a scroll of torment
 D - a scroll of immolation
Potions
 c - 2 potions of lignification
 d - a potion of degeneration {unknown}
 k - 2 potions of brilliance {unknown}
 q - 3 potions of attraction {unknown}
 s - a potion of might {unknown}
 t - 2 potions of invisibility {unknown}
 w - a potion of heal wounds {unknown}
 B - a potion of mutation {unknown}


   Skills:
 * Level 3.0 Fighting
 * Level 2.8(3.0) Axes
 - Level 1.3(2.3) Polearms
 * Level 0.3 Ranged Weapons
 * Level 2.3 Throwing
 * Level 3.1 Armour
 * Level 4.1 Dodging
 * Level 3.2 Stealth
 + Level 1.3 Shields
 * Level 5.8 Spellcasting
 * Level 2.7 Invocations
 * Level 1.3 Evocations


You knew the following spells:

 Your Spells              Type           Power      Damage    Failure   Level
a - Freeze                Ice            96%        1d10      1%          1
b - Frozen Ramparts       Ice            48%        1d8       4%          3
c - Ozocubu's Armour      Ice            24%        N/A       4%          3
d - Summon Ice Beast      Ice/Summ       24%        N/A       14%         4
e - Sting                 Tmut/Pois      96%        1d7       1%          1
f - Blink                 Tloc           48%        N/A       2%          2
g - Inner Flame           Hex/Fire       37%        N/A       4%          3
h - Manifold Assault      Tloc           24%        N/A       14%         4
Your spell library was empty.

Dungeon Overview and Level Annotations

Branches:
Dungeon (9/15)             Temple (0/1) D:5
   Lair: D:8-11         Orc: D:9-12

Altars:
Fedhas
Hepliaklqana
Nemelex Xobeh
Okawaru
Qazlal
Ru
The Shining One

Shops:
D:4 :?(*   D:5 (

Annotations:
D:7 1 transporter, ritesign's ghost, novice KoMo
D:9 Gastronok


Innate Abilities, Weirdness & Mutations

You are immune to sickness and miasma.
You are immune to poison.
Your flesh is very heat resistant. (rF++)
You are vulnerable to cold. (rC-)
You float through the air rather than walking.
You learn spells naturally, not from books.
Your magical power is your life essence.
You have superior vitality. (+4 MHP)


Message History

Press: ? - help, Shift-Dir - straight line, f/p - orc priest
Aim: an orc priest, wielding a +2 hand axe of draining and wearing a +0 scale mail (severely wounded)
You freeze the orc priest.
The orc priest is almost dead.
The wall freezes the orc priest but does no damage.
The orc priest barely misses you.
Casting: Freeze (safe; 1% risk of failure)
Confirm with . or Enter, or press ? or * to list all spells.
Aiming: Freeze (safe; 1% risk of failure)
Press: ? - help, Shift-Dir - straight line, f/p - orc priest
Aim: an orc priest, wielding a +2 hand axe of draining and wearing a +0 scale mail (almost dead)
You freeze the orc priest!
You kill the orc priest!
The wall freezes Gastronok but does no damage.
Gastronok bites you!
Casting: Freeze (safe; 1% risk of failure)
Confirm with . or Enter, or press ? or * to list all spells.
Aiming: Freeze (safe; 1% risk of failure)
Press: ? - help, Shift-Dir - straight line, f - Gastronok
Aim: Gastronok, wearing the +3 hat of Pondering {ponderous, Will+ MP+10 Int+5} (severely wounded, lightly drained)
You freeze Gastronok!
Gastronok is severely wounded.
The wall freezes Gastronok!
Gastronok mumbles some strange words.
Gastronok puts on a burst of speed!
Casting: Freeze (safe; 1% risk of failure)
Confirm with . or Enter, or press ? or * to list all spells.
Aiming: Freeze (safe; 1% risk of failure)
Press: ? - help, Shift-Dir - straight line, f/p - Gastronok
Aim: Gastronok, wearing the +3 hat of Pondering {ponderous, Will+ MP+10 Int+5} (severely wounded, covering ground quickly, lightly drained)
You miscast Freeze.
You are very lightly contaminated with residual magic.
Nothing appears to happen.
The frozen ramparts melt away.
Gastronok seems less drained.
You draw a card...
You have drawn Wild Magic.
Nothing appears to happen.
Gastronok sloshes about.
Gastronok bites you!!
Ouch! That really hurt!
You die...
Your body glows slightly and disappears.

...#
...#
#..#
#..#
#?.#
#..#
#.w#
#)@#
#...)).#
#....###
##.## ..
.. .


You could see Gastronok (swift).

Vanquished Creatures
  Eustachio (D:4)
  2 water moccasins (D:7)
  A phantom (D:6)
  2 scorpions
  2 howler monkeys
  A jelly (D:4)
  3 orc priests
  2 hounds
  An iguana (D:4)
  A sleepcap (D:6)
  3 orc wizards
  5 adders
  A worm (D:4)
  3 dart slugs
  25 orcs
  3 bats (D:1)
  8 endoplasms
  3 giant cockroaches
  5 goblins
  7 hobgoblins
  4 jackals (D:2)
  4 kobolds
  5 quokkas
  7 ball pythons
  4 frilled lizards
  A rat (D:1)
104 creatures vanquished.

Vanquished Creatures (collateral kills)
  An orc warrior (D:7)
  An ogre (D:6)
  A phantom (D:5)
  A kobold brigand (D:6)
  4 wights (D:7)
  A jelly (D:6)
  An iguana (D:5)
  A sleepcap (D:6)
  3 orc wizards
  2 orcs (D:6)
  2 kobolds (D:6)
18 creatures vanquished.

Vanquished Creatures (others)
  A sleepcap (D:7)
1 creature vanquished.

Grand Total: 123 creatures vanquished

Notes
Turn   | Place    | Note
-------+----------+-------------------------------------------
     0 | D:1      | ChrisAssaf the Djinni Ice Elementalist began the quest for
                  | the Orb.
     0 | D:1      | ChrisAssaf set off with the following spells memorised:
                  | Freeze, Frozen Ramparts, Ozocubu's Armour, Summon Ice
                  | Beast.
     0 | D:1      | Reached XP level 1. HP: 15/15 MP: 0/0
   106 | D:1      | Found a faded altar of an unknown god.
   121 | D:1      | Prayed at the altar of an unknown god.
   121 | D:1      | Became a worshipper of Nemelex Xobeh the Trickster
   121 | D:1      | Reached * piety under Nemelex Xobeh
   121 | D:1      | Received a gift from Nemelex Xobeh
   152 | D:1      | Reached XP level 2. HP: 15/21 MP: 0/0
   428 | D:2      | Reached XP level 3. HP: 20/26 MP: 0/0
   428 | D:2      | Learned a level 1 spell: Sting
   532 | D:3      | Received a gift from Nemelex Xobeh
   562 | D:3      | Reached ** piety under Nemelex Xobeh
   883 | D:3      | Reached XP level 4. HP: 29/31 MP: 0/0
   928 | D:4      | Noticed a scorpion
   929 | D:4      | Found Erphi's Weapon Emporium.
   942 | D:4      | Killed a scorpion
   943 | D:4      | Reached skill level 1 in Polearms
   943 | D:4      | Reached skill level 4 in Spellcasting
   943 | D:4      | Reached XP level 5. HP: 26/36 MP: 0/0
   943 | D:4      | Learned a level 2 spell: Blink
   963 | D:4      | Reached skill level 1 in Armour
   971 | D:4      | Found a glowing golden altar of the Shining One.
   998 | D:4      | Found a sparkling altar of Nemelex Xobeh.
  1018 | D:4      | Reached skill level 1 in Fighting
  1033 | D:5      | Entered Level 5 of the Dungeon
  1034 | D:5      | Found Tyiriuq's Hydra Hut.
  1040 | D:5      | Noticed a six-headed hydra
  1045 | D:5      | Reached XP level 6. HP: 30/42 MP: 0/0
  1070 | D:5      | Bought a +0 hand axe of flaming for 88 gold pieces
  1144 | D:5      | Found a staircase to the Ecumenical Temple.
  1153 | D:5      | Reached skill level 1 in Invocations
  1290 | D:5      | Received a gift from Nemelex Xobeh
  1296 | D:5      | You are sucked into a shaft and drop 2 floors!
  1310 | D:7      | Noticed a black bear
  1330 | D:7      | Noticed a sky beast
  1340 | D:7      | Noticed a water moccasin
  1353 | D:7      | Killed a water moccasin
  1417 | D:6      | Noticed an ogre
  1423 | D:6      | Reached XP level 7. HP: 47/47 MP: 0/0
  1423 | D:6      | Learned a level 3 spell: Inner Flame
  1426 | D:6      | Reached skill level 1 in Throwing
  1426 | D:6      | Reached skill level 5 in Spellcasting
  1427 | D:6      | Reached skill level 1 in Axes
  1452 | D:6      | Reached *** piety under Nemelex Xobeh
  1584 | D:6      | Reached XP level 8. HP: 47/54 MP: 0/0
  1609 | D:5      | Received a gift from Nemelex Xobeh
  2198 | D:4      | Found a blossoming altar of Fedhas.
  2306 | D:4      | Found a sacrificial altar of Ru.
  2311 | D:4      | Found a hazy altar of Hepliaklqana.
  2337 | D:4      | Found Naytelaz's Book Shop.
  2343 | D:4      | Found an iron altar of Okawaru.
  2487 | D:4      | Noticed Eustachio
  2492 | D:4      | Killed Eustachio
  2493 | D:4      | Reached skill level 1 in Shields
  2569 | D:4      | Found Sobiq's Magic Scroll Shoppe.
  2581 | D:4      | Bought a scroll of immolation for 56 gold pieces
  2581 | D:4      | Bought a scroll of identify for 28 gold pieces
  2607 | D:4      | Received a gift from Nemelex Xobeh
  2630 | D:4      | Found Joong's General Store.
  2640 | D:4      | Bought a scroll of identify for 26 gold pieces
  2934 | D:4      | Found a stormy altar of Qazlal.
  3534 | D:1      | Reached **** piety under Nemelex Xobeh
  3749 | D:1      | Received a gift from Nemelex Xobeh
  4377 | D:7      | Reached XP level 9. HP: 28/59 MP: 0/0
  4377 | D:7      | Learned a level 4 spell: Manifold Assault
  4380 | D:7      | Reached skill level 1 in Evocations
  4533 | D:7      | Found a transporter.
  4533 | D:7      | Received a gift from Nemelex Xobeh
  4553 | D:7      | Noticed ritesign's ghost (novice KoMo)
  4558 | D:7      | Noticed a manticore
  4782 | D:9      | Noticed Gastronok
  4798 | D:9      | Slain by Gastronok

Illustrated notes

Levels and vault maps discovered:
D:1:      minmay_arrival_open_corners, layout_loops_ring,
          ebering_ecumenical_altar_sacrificial, st_stairs_9, corner_web_ring,
          minivault_24
D:2:      layout_basic
D:3:      layout_basic
D:4:      layout_cave_pods, fedhas_ov_isle_minmay,
          mainiacjoe_overflow_catwalk_spiral, mainiacjoe_overflow_alcove_4,
          okawaru_metal_pillars_1_2, grunt_temple_overflow_open, serial_shops,
          shop, shop, nicolae_shop_waterfront, nicolae_diamond_shop,
          uniq_eustachio
D:5:      layout_cave_pods, minmay_temple_entry_mini_moons,
          grunt_decor_mini_mirrors, doesnt_shop_hydraphobe
D:6:      layout_basic, grunt_tough_drop
D:7:      layout_gridville, nzn_ghost_randoct
D:8:      layout_cave_pools, lair_entry_dummy, gammafunk_ghost_grave,
          serial_co_window_serial, co_window_paths_a, co_window_paths_a,
          co_window_corner_a, co_window_of_opportunity_a, co_window_corner_a,
          co_window_corner_b, co_window_of_opportunity_b, co_window_broadway_b,
          co_window_unsneaky_path_d, co_window_corner_b, co_window_4corner_a,
          co_window_4corner_b, glass_columns_a, glass_columns_a,
          glass_columns_b, glass_columns_b, glass_columns_b
D:9:      layout_layer_cave, uniq_prince_ribbit1, uniq_gastronok, uniq_harold

Skill      XL: |  1  2  3  4  5  6  7  8  9 |
---------------+----------------------------+-----
Polearms       | 1 |  1.3
Spellcasting   | 4 5 |  5.8
Armour         | 1 2 3 |  3.1
Fighting       | 1 2 3 |  3.0
Stealth        | 2 3 |  3.2
Invocations    | 1 2 |  2.7
Throwing       | 1 2 |  2.3
Dodging        | 3 4 |  4.1
Axes           | 1 2 |  2.8
Shields        | 1 |  1.3
Evocations     | 1 |  1.3
Ranged Weapons | |  0.3

Action                     |  1- 3 |  4- 6 |  7- 9 || total
---------------------------+-------+-------+-------++-------
  Melee: Spear             |    13 |     9 |       ||    22
         Hand axe          |       |    10 |   118 ||   128
         Punch             |       |       |     2 ||     2
   Fire: Arbalest          |       |       |     5 ||     5
  Throw: Javelin           |       |     1 |    30 ||    31
   Cast: Freeze            |    19 |     6 |    31 ||    56
         Sting             |     3 |     2 |     8 ||    13
         Frozen Ramparts   |     2 |     4 |     8 ||    14
         Blink             |       |       |     1 ||     1
         Manifold Assault  |       |       |     2 ||     2
 Invoke: Draw Summoning    |       |     1 |     2 ||     3
         Draw Destruction  |       |       |     4 ||     4
  Evoke: Wand              |       |       |     2 ||     2
    Use: Scroll            |     5 |     2 |    10 ||    17
         Potion            |       |     1 |       ||     1
   Stab: Sleeping          |       |       |     2 ||     2
 Armour: Robe              |     4 |     3 |    17 ||    24
         Leather armour    |       |       |     3 ||     3
  Dodge: Dodged            |    22 |    28 |   151 ||   201
  Block: Other             |     1 |     9 |    47 ||    57
         Reflection        |     1 |       |     3 ||     4
